 Dungeon Crawl Stone Soup version 0.28.0-45-g0d030f2227 (webtiles) character file.

Game seed: 16882570205281407379

102 Bruhh the Ogre Mage (level 4, -4/39 HPs)
             Began as an Ogre Necromancer on Apr 23, 2022.
             Killed by divine providence
             ... invoked by an orc priest
              (16 damage)
             ... on level 2 of the Dungeon.
             The game lasted 00:04:55 (3836 turns).

Bruhh the Ogre Mage (Ogre Necromancer)              Turns: 3836, Time: 00:05:01

Health: -4/39      AC:  3    Str: 12    XL:     4   Next: 77%
Magic:  7/11       EV:  9    Int: 18    God:
Gold:   69         SH:  0    Dex:  9    Spells: 11/13 levels left

rFire   . . .      SeeInvis .   j - +1 flail (protect)
rCold   . . .      Faith    .   (no shield)
rNeg    . . .      Spirit   .   a - +0 robe
rPois   .          Reflect  .   (helmet restricted)
rElec   .          Harm     .   (no cloak)
rCorr   .          Rampage  .   (gloves unavailable)
Will    .....                   (boots unavailable)
Stlth   +.........              (no amulet)
HPRegen 0.13/turn               (no ring)
MPRegen 0.12/turn               (no ring)

@: no status effects
A: large, unfitting armour, tough skin 1
a: no special abilities


You were on level 2 of the Dungeon.
You visited 1 branch of the dungeon, and saw 3 of its levels.

You collected 69 gold pieces.

Inventory:

Hand Weapons
 d - a +0 club
 h - a +0 scimitar
 j - a +1 flail of protection (weapon)
Armour
 a - a +0 robe (worn)
Wands
 i - a wand of polymorph (4)
Scrolls
 c - a scroll of magic mapping {unknown}
 f - a scroll of identify {unknown}
 g - a scroll of immolation {unknown}
Potions
 b - a potion of degeneration {unknown}
 e - a potion of brilliance {unknown}


   Skills:
 - Level 1.7 Dodging
 - Level 1.4 Stealth
 - Level 5.0 Spellcasting
 + Level 4.0 Necromancy


You had 11 spell levels left.
You knew the following spells:

 Your Spells              Type           Power      Damage    Failure   Level
a - Pain                  Necr           76%        1d7       2%          1
b - Animate Skeleton      Necr           38%        N/A       2%          1

Your spell library contained the following spells:

 Spells                   Type           Power      Damage    Failure   Level
 Vampiric Draining        Necr           19%        2d7       8%          3
 Animate Dead             Necr           9%         N/A       26%         4
 Agony                    Necr           19%        N/A       56%         5


Dungeon Overview and Level Annotations

Branches:
Dungeon (3/15)

Altars:

Shops:
D:2 :


Innate Abilities, Weirdness & Mutations

You are too large for most types of armour.
You have tough skin. (AC +1)


Message History

You see here a +0 club.
There is a stone staircase leading down here.
You climb downwards.
A gnoll comes into view. It is wielding a +0 whip.
Found a leather armour.
There is a stone staircase leading up here.
The adder hisses angrily.
The adder writhes in agony.
The gnoll shouts!
Casting: Pain (safe; 2% risk of failure)
Confirm with . or Enter, or press ? or * to list all spells.
Aiming: Pain (safe; 2% risk of failure)
Press: ? - help, Shift-Dir - straight line, f/p - adder
Aim: an adder (moderately wounded, chance to affect: 83%)
The adder writhes in agony.
The adder bites you.
Casting: Pain (safe; 2% risk of failure)
Confirm with . or Enter, or press ? or * to list all spells.
Aiming: Pain (safe; 2% risk of failure)
Press: ? - help, Shift-Dir - straight line, f/p - adder
Aim: an adder (heavily wounded, chance to affect: 83%)
The adder writhes in agony.
You kill the adder!
The orc priest begins to cast a cantrip, but forgets the words!
Your Necromancy skill increases to level 4!
The orc priest mumbles some strange prayers to Beogh against you.
Pain shoots through your body!
The orc priest calls down the wrath of Beogh upon you.
Beogh smites you!
You hear a shout!
You climb upwards.
There is a stone staircase leading down here.
Casting: Pain (safe; 2% risk of failure)
Confirm with . or Enter, or press ? or * to list all spells.
Aiming: Pain (safe; 2% risk of failure)
Press: ? - help, Shift-Dir - straight line, f - orc priest
Aim: an orc priest, wielding a +1 whip of venom (chance to affect: 78%)
The orc priest writhes in agony.
The orc priest mumbles some strange prayers to Beogh against you.
Beogh smites you!
You die...

#...##....
#...###### #...#
#########...######
#..†..............
#.#######...######
#.# #####
#.################
#@................
#o################
#.# #.# #.# #####
#.### #.... #...#
#.... #...# #....
#...##### #....


You could see an orc priest.

Vanquished Creatures
  Jessica (D:2)
  2 adders
  A gnoll (D:1)
  2 worms
  A dart slug (D:2)
  An orc (D:2)
  3 bats
  4 endoplasms
  2 giant cockroaches (D:1)
  4 goblins
  3 hobgoblins
  4 jackals (D:1)
  2 kobolds
  A quokka (D:2)
  3 ball pythons
  2 frilled lizards (D:1)
  4 rats
40 creatures vanquished.

Notes
Turn   | Place    | Note
-------+----------+-------------------------------------------
     0 | D:1      | Bruhh the Ogre Necromancer began the quest for the Orb.
     0 | D:1      | Reached XP level 1. HP: 16/16 MP: 3/3
   205 | D:1      | Reached skill level 3 in Spellcasting
   220 | D:1      | Reached XP level 2. HP: 3/24 MP: 3/6
   860 | D:1      | Reached XP level 3. HP: 5/31 MP: 4/8
  1261 | D:1      | Reached skill level 4 in Spellcasting
  1826 | D:1      | Found a faded altar of an unknown god.
  2275 | D:2      | Learned a level 1 spell: Animate Skeleton
  2684 | D:2      | Reached XP level 4. HP: 31/39 MP: 7/10
  2825 | D:2      | Found Watuh's Book Shop.
  3023 | D:2      | Noticed Jessica
  3029 | D:2      | Killed Jessica
  3030 | D:2      | Reached skill level 5 in Spellcasting
  3836 | D:2      | Killed from afar by an orc priest

Illustrated notes

Levels and vault maps discovered:
D:1:      dpeg_arrival_erosion, layout_basic, dilly_ecumenical_altar_fadedgnrine
D:2:      layout_basic, serial_shops, nicolae_shop_waterfront, uniq_jessica
D:3:      cheibrodos_pilgrimage, layout_basic, gammafunk_ghost_necromancy

Skill      XL: |  1  2  3  4 |
---------------+-------------+-----
Spellcasting   | 3 4 5 |  5.0
Necromancy     | 4 |  4.0
Dodging        | |  1.7
Stealth        | |  1.4

Action                   |  1- 3 |  4- 6 || total
-------------------------+-------+-------++-------
Melee: Unarmed           |     7 |       ||     7
       Club              |    42 |       ||    42
       Scimitar          |     3 |     6 ||     9
 Cast: Pain              |    76 |    17 ||    93
Armor: Robe              |    37 |     1 ||    38
Dodge: Dodged            |    50 |     6 ||    56
